 Dungeon Crawl Stone Soup version 0.24-a0-235-g3f03afc (webtiles) character file.

Game seed: 13744323038122026150

149 vorskei the Sneak (level 5, -16/37 HPs)
             Began as a Vampire Ice Elementalist on Apr 7, 2019.
             Was an Initiate of Dithmenos.
             Demolished by an ogre
             ... wielding a +0 giant club
              (17 damage)
             ... in the Ecumenical Temple.
             The game lasted 00:40:40 (4517 turns).

vorskei the Sneak (Vampire Ice Elementalist)        Turns: 4517, Time: 00:40:40

Health: -16/37     AC:  2    Str:  8    XL:     5   Next: 9%
Magic:  8/8        EV: 13    Int: 18    God:    Dithmenos [......]
Gold:   225        SH:  0    Dex: 14    Spells: 4/8 levels left

rFire    . . .     SeeInvis +   a - +0 dagger (vamp)
rCold    . . .     Gourm    .   (no shield)
rNeg     + . .     Faith    .   l - +0 robe
rPois    .         Spirit   .   (no helmet)
rElec    .         Reflect  .   (no cloak)
rCorr    .         Harm     .   (no gloves)
MR       .....                  (no boots)
Stlth    +.........             (no amulet)
HPRegen  0.12/turn              (no ring)
MPRegen  0.11/turn              (no ring)

@: confused
A: fangs 3, see invisible, unbreathing
a: Bat Form, Renounce Religion


You were in the Ecumenical Temple.
You worshipped Dithmenos.
Dithmenos was noncommittal.
You were not thirsty.

You visited 2 branches of the dungeon, and saw 5 of its levels.

You collected 225 gold pieces.

Inventory:

Hand Weapons
 a - a +0 vampiric dagger (weapon)
 b - a +0 blowgun
 g - a +0 dagger
 m - a +0 hunting sling
 n - a +0 rapier
Missiles
 h - 7 tomahawks (quivered)
 k - 8 silver tomahawks
 p - 39 poisoned needles
 z - 21 sling bullets
Armour
 l - a +0 robe (worn)
 q - a cursed +0 ring mail
 r - a +0 scale mail
 u - a +0 leather armour
 F - a +0 buckler
Magical Staves
 B - an uncursed staff of summoning {unknown}
Jewellery
 e - a cursed ring of teleportation {unknown}
 w - a +2 ring of strength
 C - an uncursed amulet of magic regeneration {unknown}
 E - an uncursed ring of protection from magic {unknown}
Scrolls
 f - a scroll of enchant armour {unknown}
 j - 3 scrolls of teleportation
 o - a scroll of immolation {unknown}
 s - a scroll of fear {unknown}
 v - 2 scrolls of remove curse {unknown}
 x - a scroll of identify
 y - a scroll of enchant weapon {unknown}
 A - a scroll of fog {unknown}
Potions
 c - 8 potions of blood
 d - 2 potions of curing
 i - 4 potions of heal wounds
 t - a potion of cancellation {unknown}
 D - a potion of mutation {unknown}


   Skills:
 + Level 1.6 Fighting
 * Level 2.3 Short Blades
 - Level 2.7 Dodging
 + Level 4.6 Stealth
 + Level 0.0 Shields
 + Level 2.4 Spellcasting
   Level 0.6 Conjurations
 - Level 1.0 Charms
 + Level 3.3 Ice Magic


You had 4 spell levels left.
You knew the following spells:

 Your Spells              Type           Power        Failure   Level  Hunger
a - Ozocubu's Armour      Chrm/Ice       #.......     22%         3    ###....
q - Freeze                Ice            ##..         4%          1    #......

Your spell library contained the following spells:

 Spells                   Type           Power        Failure   Level  Hunger
 Throw Frost              Conj/Ice       #.....       12%         2    ##.....
 Throw Icicle             Conj/Ice       #.......     61%         4    #####..
 Summon Ice Beast         Ice/Summ       #.......     65%         4    #####..


Dungeon Overview and Level Annotations

Branches:
Dungeon (4/15)             Temple (1/1) D:4

Altars:
Ashenzari
Dithmenos
Gozag
Kikubaaqudgha
Nemelex Xobeh
Okawaru
Ru
Trog
Vehumet
Wu Jian
Yredelemnul
Zin
The Shining One


Innate Abilities, Weirdness & Mutations

You have razor-sharp teeth.
You have supernaturally acute eyesight. (SInv)
You can survive without breathing.


Message History

The orc wizard hits you but does no damage.
You climb downwards.
Welcome back to the Ecumenical Temple!
There is a staircase back to the Dungeon here.
The orc wizard barely misses you. The ogre closely misses you.
The orc wizard hits you with a +0 dagger.
In your confused state, you trip and fall back down the stairs.
The orc wizard hits you with a +2 dagger of speed.
* * * LOW HITPOINT WARNING * * *
The orc wizard closely misses you. The ogre misses you.
The orc wizard casts a spell at you. The magic dart hits you!
* * * LOW HITPOINT WARNING * * *
Unknown command.
Unknown command.
You're too confused!
You're too confused!
The orc wizard closely misses you.
You hit the orc wizard but do no damage.
The ogre hits you with a +0 giant club!
You die...

#### ##### ≈≈≈###
###≈≈≈####
≈≈≈≈≈####≈≈≈≈≈≈≈≈###
......##≈≈.....O@..##
...............oo...#
......##............##
.....####............#
..#### ####.........#
##### #####.......##
#...## ##...##.......#
.....# #.....#.......#
.._..# #.._..'........


You could see an ogre and 2 orc wizards.

Vanquished Creatures
  An iguana (D:4)
  4 adders
  An ooze (D:2)
  A worm (D:2)
  2 dart slugs
  3 leopard geckos
  An orc (D:4)
  3 ball pythons
  8 giant cockroaches
  10 goblins
  3 hobgoblins
  10 jackals
  5 kobolds
  2 quokkas
  4 bats
  2 frilled lizards
  A leopard gecko skeleton (D:4)
  6 rats
67 creatures vanquished.

Notes
Turn   | Place    | Note
-------+----------+-------------------------------------------
     0 | D:1      | vorskei the Vampire Ice Elementalist began the quest for
                  | the Orb.
     0 | D:1      | Reached XP level 1. HP: 13/13 MP: 3/3
   317 | D:1      | Reached XP level 2. HP: 13/20 MP: 0/5
   862 | D:1      | Reached XP level 3. HP: 25/25 MP: 3/6
   908 | D:1      | Reached skill level 4 in Stealth
  1091 | D:2      | Reached skill level 1 in Short Blades
  1134 | D:2      | Reached skill level 1 in Fighting
  1959 | D:2      | Learned a level 3 spell: Ozocubu's Armour
  2063 | D:2      | Reached XP level 4. HP: 15/32 MP: 3/7
  3459 | D:3      | Found a faded altar of an unknown god.
  3535 | D:3      | Reached skill level 1 in Charms
  3700 | D:4      | Found an iron altar of Okawaru.
  3714 | D:4      | Found a staircase to the Ecumenical Temple.
  3770 | Temple   | Entered the Ecumenical Temple
  3970 | Temple   | Became a worshipper of Dithmenos the Shadowed
  4002 | D:4      | Found a shattered altar of Ashenzari.
  4132 | D:4      | Reached XP level 5. HP: 8/37 MP: 1/8
  4467 | D:4      | Noticed an ogre
  4515 | Temple   | HP: 1/37 [orc wizard/magic dart (10)]
  4517 | Temple   | Demolished by an ogre

Levels and vault maps discovered:
D:1:      dpeg_arrival_stonehenge_8_columns, layout_rooms, nrook_campfire,
          st_stairs_13
D:2:      layout_rooms
D:3:      layout_basic, chequers_ecumenical_altar_island
D:4:      layout_loops_corners, xom_teletrap_fun, kennysheep_little_box,
          lemuel_crystal_altar, okawaru_gym_becter,
          minmay_temple_entry_mini_moons, first_ration, serial_bayou_pond_d,
          nicolae_gozag_cash_rules_everything_around_me
Temple:   minmay_temple_curvy_loop

Skill      XL: |  1  2  3  4 |
---------------+-------------+-----
Stealth        | 4 |  4.6
Short Blades   | 1 2 |  2.3
Fighting       | 1 |  1.6
Charms         | 1 |  1.0
Dodging        | |  2.7
Spellcasting   | |  2.4
Conjurations   | |  0.6
Ice Magic      | |  3.3

Action                   |  1- 3 |  4- 6 || total
-------------------------+-------+-------++-------
Melee: Unarmed           |     8 |       ||     8
       Bite              |    11 |    12 ||    23
       Dagger            |   122 |   165 ||   287
 Cast: Freeze            |    23 |    19 ||    42
       Ozocubu's Armour  |     2 |     3 ||     5
  Use: Potion            |     1 |     7 ||     8
       Scroll            |       |     3 ||     3
 Stab: Sleeping          |     7 |     4 ||    11
Armor: Robe              |    35 |    44 ||    79
Dodge: Dodged            |    93 |   116 ||   209

Table legend:
 A = Non-vault XP
 B = Vault XP
 C = Vault XP percentage of total XP
 D = Non-vault monster count
 E = Vault monster count
 F = Vault count percentage of total count
                 A         B        C        D         E       F
            +---------+---------+-------+---------+---------+-------
      Total |     211 |       2 |   0.9 |      66 |       1 |   1.5
            +---------+---------+-------+---------+---------+-------
        D:1 |      44 |       2 |   4.3 |      22 |       1 |   4.3
        D:2 |      66 |       0 |   0.0 |      20 |       0 |   0.0
        D:3 |      48 |       0 |   0.0 |      20 |       0 |   0.0
        D:4 |      53 |       0 |   0.0 |       4 |       0 |   0.0
            +---------+---------+-------+---------+---------+-------
